2336 views
Uploaded 2021-08-14 17:07:34
Game version 1.32.10
21:56 long 1on1 ladder game on (2)NorthernIsles
Saved by San4eZXTF
2336 views
Uploaded 2021-08-14 17:07:34
Game version 1.32.10
21:56 long 1on1 ladder game on (2)NorthernIsles

34 units @ 5.9k
/ 1.1k
16 buildings @ 2.6k
/ 1k



| Rod of Necromancy | 1 | 150 |
| Potion of Healing | 1 | 150 |
| Scroll of Healing | 1 | 250 |
| Potion of Lesser Invulnerability | 1 | 150 |
| Boots of Speed | 1 | 250 |
| total: | 5 | 950g |
| Acolyte | 12 | 900 | / | 0 |
| Ghoul | 2 | 240 | / | 0 |
| Crypt Fiend | 10 | 2150 | / | 400 |
| Obsidian Statue | 5 | 1000 | / | 175 |
| Abomination | 2 | 480 | / | 140 |
| Frost Wyrm | 3 | 1155 | / | 360 |
| total: | 34 | 5925g | / | 1075w |
| Nerubian Tower | 1 | 100 | / | 20 |
| Graveyard | 1 | 215 | / | 0 |
| Crypt | 1 | 200 | / | 50 |
| Ziggurat | 7 | 1050 | / | 350 |
| Altar of Darkness | 1 | 180 | / | 50 |
| Tomb of Relics | 1 | 130 | / | 30 |
| Necropolis | 2 | 450 | / | 0 |
| Slaughterhouse | 1 | 140 | / | 135 |
| Sacrificial Pit | 1 | 75 | / | 150 |
| Boneyard | 1 | 175 | / | 200 |
| Halls of the Dead | 1 | 320 | / | 210 |
| Black Citadel | 1 | 325 | / | 230 |
| total: | 16 | 2615g | / | 965w |
| 0:03 | Acolyte |
| 0:08 | Graveyard |
| 0:12 | Crypt |
| 0:21 | Acolyte |
| 0:37 | Ziggurat |
| 0:55 | Altar of Darkness |
| 1:15 | Ghoul |
| 1:28 | Tomb of Relics |
| 1:43 | Crypt Fiend |
| 2:11 | Crypt Fiend |
| 2:21 | Ziggurat |
| 2:56 | Rod of Necromancy |
| 3:00 | Carrion Beetles |
| 3:29 | Halls of the Dead |
| 3:49 | Crypt Fiend |
| 4:22 | Crypt Fiend |
| 4:28 | Ziggurat |
| 4:44 | Spiked Carapace |
| 5:22 | Nerubian Tower |
| 5:39 | Crypt Fiend |
| 5:56 | Slaughterhouse |
| 6:23 | Carrion Beetles |
| 7:07 | Ghoul |
| 7:10 | Obsidian Statue |
| 7:15 | Death Coil |
| 7:20 | Acolyte |
| 7:25 | Acolyte |
| 7:25 | Acolyte |
| 7:26 | Acolyte |
| 7:27 | Acolyte |
| 7:45 | Potion of Healing |
| 8:04 | Necropolis |
| 8:38 | Web |
| 9:02 | Black Citadel |
| 9:04 | Obsidian Statue |
| 9:05 | Crypt Fiend |
| 9:39 | Unholy Aura |
| 10:00 | Sacrificial Pit |
| 11:20 | Ziggurat |
| 11:30 | Silence |
| 11:38 | Boneyard |
| 12:24 | Crypt Fiend |
| 12:35 | Abomination |
| 12:37 | Acolyte |
| 13:03 | Frost Wyrm |
| 13:28 | Obsidian Statue |
| 13:35 | Spiked Carapace |
| 13:38 | Death Coil |
| 14:07 | Frost Wyrm |
| 14:49 | Black Arrow |
| 15:29 | Abomination |
| 15:57 | Freezing Breath |
| 16:27 | Obsidian Statue |
| 17:01 | Crypt Fiend |
| 17:28 | Silence |
| 17:37 | Ziggurat |
| 18:12 | Necropolis |
| 18:53 | Crypt Fiend |
| 18:56 | Frost Wyrm |
| 19:53 | Potion of Lesser Invulnerability |
| 20:00 | Acolyte |
| 20:00 | Acolyte |
| 20:00 | Acolyte |
| 20:00 | Acolyte |
| 20:06 | Scroll of Healing |
| 20:09 | Boots of Speed |
| 20:24 | Crypt Fiend |
| 20:35 | Ziggurat |
| 20:36 | Ziggurat |
| 21:22 | Obsidian Statue |
| 21:44 | Spiked Carapace |
| Select group | 3150 |
| Right click | 977 |
| Select | 511 |
| Build/train/purchase | 126 |
| Assign group | 38 |
| Use ability | 30 |
| Esc | 6 |
| Misc. action | 3 |
| Item give/drop | 1 |
27 units @ 4.7k
/ 0.7k
14 buildings @ 2.2k
/ 0.9k



| Rod of Necromancy | 3 | 450 |
| Orb of Corruption | 1 | 375 |
| Potion of Healing | 1 | 150 |
| Scroll of Town Portal | 2 | 700 |
| Scroll of Healing | 2 | 500 |
| total: | 9 | 2175g |
| Acolyte | 3 | 225 | / | 0 |
| Ghoul | 7 | 840 | / | 0 |
| Crypt Fiend | 5 | 1075 | / | 200 |
| Obsidian Statue | 5 | 1000 | / | 175 |
| Abomination | 2 | 480 | / | 140 |
| Gargoyle | 4 | 700 | / | 120 |
| Goblin Shredder | 1 | 375 | / | 100 |
| total: | 27 | 4695g | / | 735w |
| Altar of Darkness | 1 | 180 | / | 50 |
| Ziggurat | 4 | 600 | / | 200 |
| Crypt | 3 | 600 | / | 150 |
| Tomb of Relics | 2 | 260 | / | 60 |
| Graveyard | 1 | 215 | / | 0 |
| Slaughterhouse | 2 | 280 | / | 270 |
| Sacrificial Pit | 1 | 75 | / | 150 |
| Halls of the Dead | 1 | 320 | / | 210 |
| Black Citadel | 1 | 325 | / | 230 |
| total: | 14 | 2210g | / | 880w |
| 0:03 | Acolyte |
| 0:05 | Altar of Darkness |
| 0:07 | Ziggurat |
| 0:22 | Crypt |
| 0:31 | Acolyte |
| 0:51 | Tomb of Relics |
| 0:54 | Tomb of Relics |
| 1:24 | Ghoul |
| 1:25 | Ghoul |
| 1:31 | Graveyard |
| 1:36 | Ghoul |
| 1:50 | Ghoul |
| 2:00 | Ghoul |
| 2:05 | Rod of Necromancy |
| 2:09 | Sleep |
| 2:36 | Halls of the Dead |
| 3:04 | Cannibalize |
| 3:05 | Ghoul |
| 3:28 | Unholy Strength |
| 3:48 | Vampiric Aura |
| 3:59 | Ziggurat |
| 4:00 | Ziggurat |
| 4:04 | Unholy Armor |
| 4:50 | Crypt Fiend |
| 4:50 | Crypt Fiend |
| 5:41 | Black Citadel |
| 6:05 | Ghoul |
| 6:38 | Vampiric Aura |
| 6:53 | Death Coil |
| 7:15 | Rod of Necromancy |
| 7:27 | Crypt Fiend |
| 7:35 | Slaughterhouse |
| 7:36 | Slaughterhouse |
| 8:42 | Destroyer Form |
| 8:43 | Obsidian Statue |
| 8:46 | Obsidian Statue |
| 8:50 | Crypt Fiend |
| 8:52 | Ghoul Frenzy |
| 8:53 | Burrow |
| 8:58 | Unholy Aura |
| 9:35 | Acolyte |
| 9:41 | Ziggurat |
| 10:47 | Carrion Swarm |
| 11:06 | Abomination |
| 11:34 | Scroll of Town Portal |
| 11:35 | Scroll of Healing |
| 12:11 | Death Pact |
| 12:28 | Impale |
| 12:56 | Scroll of Town Portal |
| 12:59 | Orb of Corruption |
| 13:01 | Scroll of Healing |
| 13:04 | Rod of Necromancy |
| 13:04 | Potion of Healing |
| 13:08 | Improved Unholy Strength |
| 13:14 | Improved Unholy Armor |
| 13:34 | Goblin Shredder |
| 14:12 | Web |
| 15:35 | Obsidian Statue |
| 15:39 | Crypt Fiend |
| 15:56 | Advanced Unholy Strength |
| 16:48 | Death Coil |
| 17:27 | Crypt |
| 17:29 | Crypt |
| 17:52 | Abomination |
| 18:23 | Spiked Carapace |
| 18:35 | Obsidian Statue |
| 18:38 | Gargoyle |
| 19:10 | Gargoyle |
| 19:13 | Vampiric Aura |
| 19:47 | Gargoyle |
| 19:51 | Creature Attack |
| 19:57 | Obsidian Statue |
| 20:11 | Sacrificial Pit |
| 20:33 | Gargoyle |
| Select group | 1732 |
| Right click | 750 |
| Select | 476 |
| Misc. action | 141 |
| Build/train/purchase | 102 |
| Use ability | 56 |
| Assign group | 40 |
| Item give/drop | 12 |
| Remove unit | 4 |
| Minimap ping | 1 |
โ